 Dungeon Crawl Stone Soup version 0.26-a0-712-ga5a9c9c9d0 (webtiles) character file.

Game seed: 3783478093025131649

33957 kae the Grappler (level 13, -17/82 HPs)
             Began as an Octopode Transmuter on Nov 10, 2020.
             Was a High Priest of Hepliaklqana.
             Demolished by a cane toad (60 damage)
             ... on level 6 of the Lair of Beasts.
             The game lasted 00:23:38 (23250 turns).

kae the Grappler (Octopode Transmuter)             Turns: 23250, Time: 00:23:39

Health: -17/82     AC:  3    Str: 14    XL:     13   Next: 74%
Magic:  14/17      EV: 19    Int: 15    God:    Hepliaklqana [*****.]
Gold:   956        SH:  0    Dex: 13    Spells: 5/18 levels left

rFire    + . .     SeeInvis .     - Unarmed
rCold    . . .     Faith    .   (shield currently unavailable)
rNeg     + . .     Spirit   .   m - +2 hat
rPois    +         Reflect  .   u - amulet of regeneration
rElec    .         Harm     .   c - ring of positive energy
rCorr    .         Rampage  .   a - ring of protection from fire
MR       +....                  f - ring of protection from magic
Stlth    ++++......             t - ring of poison resistance
HPRegen  0.63/turn              (no ring)
MPRegen  0.15/turn              (no ring)
                                (no ring)
                                (no ring)

@: blade tentacles, sleeping, very slightly contaminated, invisible
A: almost no armour, stealthy swim, amphibious, 8 rings, constrict 8, reduced
essence, camouflage 1, gelatinous body 1
a: End Transformation, Recall Ancestor, Ancestor Identity, Transference,
Idealise, Renounce Religion


You were on level 6 of the Lair of Beasts.
You worshipped Hepliaklqana.
Hepliaklqana was extremely pleased with you.
You had blades for tentacles.
You visited 4 branches of the dungeon, and saw 20 of its levels.
You also visited: Bailey.

You collected 1200 gold pieces.
You spent 244 gold pieces at shops.

Inventory:

Armour
 m - a +2 hat (worn)
Jewellery
 a - a ring of protection from fire (right scythe-like blade)
 c - a ring of positive energy (left scythe-like blade)
 f - a ring of protection from magic (on tentacle)
 g - an uncursed ring of fire
 t - a ring of poison resistance (on tentacle)
 u - an amulet of regeneration (around mantle)
 w - an uncursed ring of ice
 L - an uncursed amulet of the acrobat
Wands
 q - a wand of polymorph (9)
 r - a wand of paralysis (24)
 x - a wand of iceblast (6)
 y - a wand of disintegration (13)
 z - a wand of digging (4)
 A - a wand of flame (65)
 J - a wand of enslavement (4)
Scrolls
 e - 3 scrolls of enchant weapon
 h - 6 scrolls of teleportation
 i - 12 scrolls of remove curse
 k - 4 scrolls of amnesia
 p - 6 scrolls of magic mapping
 v - 2 scrolls of fear
 E - a scroll of blinking
 G - 2 scrolls of fog
 I - 6 scrolls of identify
Potions
 b - 5 potions of might
 d - 5 potions of brilliance
 j - 5 potions of haste
 l - 2 potions of berserk rage
 n - a potion of ambrosia
 o - 4 potions of lignification
 s - 2 potions of stabbing
 B - 3 potions of flight
 C - a potion of resistance
 D - 4 potions of curing
 H - a potion of mutation


   Skills:
 + Level 10.0 Fighting
 + Level 10.1 Dodging
 - Level 5.0 Stealth
 * Level 14.0 Unarmed Combat
 - Level 3.0 Spellcasting
 - Level 11.1 Transmutations
 - Level 3.0 Ice Magic


You had 5 spell levels left.
You knew the following spells:

 Your Spells              Type           Power        Failure   Level
a - Beastly Appendage     Tmut           #####.       9%          1
b - Spider Form           Tmut/Pois      ###.......   36%         3
c - Blade Hands           Tmut           #####.....   36%         5
d - Ice Form              Ice/Tmut       ###.....     47%         4

Your spell library contained the following spells:

 Spells                   Type           Power        Failure   Level
 Wereblood                Tmut           #####...     10%         2
 Freeze                   Ice            ##..         36%         1
 Frozen Ramparts          Ice            ##....       58%         3
 Ozocubu's Armour         Ice            ##......     58%         3
 Animate Skeleton         Necr           #.....       63%         1
 Apportation              Tloc           #.....       63%         1
 Corona                   Hex            #......      63%         1
 Foxfire                  Conj/Fire      #...         63%         1
 Magic Dart               Conj           #...         63%         1
 Pain                     Necr           #...         63%         1
 Summon Small Mammal      Summ           #...         63%         1
 Petrify                  Tmut/Erth      ###.....     63%         4
 Blink                    Tloc           N/A          73%         2
 Call Imp                 Summ           #.......     73%         2
 Corpse Rot               Necr/Air       N/A          73%         2
 Searing Ray              Conj           #.....       73%         2
 Slow                     Hex            #.......     73%         2
 Yara's Violent Unravell  Hex/Tmut       ###.......   87%         5
 Confusing Touch          Hex            #.......     88%         3
 Conjure Flame            Conj/Fire      #.......     88%         3
 Dazzling Flash           Conj/Hex       #.....       88%         3
 Gell's Gravitas          Tloc           #.........   88%         3
 Inner Flame              Hex/Fire       #.......     88%         3
 Mephitic Cloud           Conj/Pois/Air  #.......     88%         3
 Vampiric Draining        Necr           #.........   88%         3
 Hailstorm                Conj/Ice       #.......     96%         4
 Summon Ice Beast         Ice/Summ       #.......     96%         4
 Animate Dead             Necr           #.........   99%         4
 Fulminant Prism          Conj/Hex       #.........   99%         4
 Iskenderun's Mystic Bla  Conj/Tloc      #.......     99%         4
 Sticky Flame             Conj/Fire      #.......     99%         4
 Agony                    Necr           #.......     100%        5
 Borgnjor's Vile Clutch   Necr/Erth      #.........   100%        5
 Fireball                 Conj/Fire      #.........   100%        5
 Lightning Bolt           Conj/Air       #.........   100%        5
 Metabolic Englaciation   Hex/Ice        #.........   100%        5
 Death Channel            Necr           #.........   100%        6
 Simulacrum               Ice/Necr       #.........   100%        6


Dungeon Overview and Level Annotations

Branches:
Dungeon (12/15)            Temple (1/1) D:5            Lair (6/6) D:11
  Swamp (0/4) Lair:3       Spider (0/4) Lair:3        Slime (1/5) Lair:5
    Orc (0/2) D:11         Bailey (visited)

Altars:
Ashenzari
Cheibriados
Dithmenos
Elyvilon
Fedhas
Gozag
Hepliaklqana
Kikubaaqudgha
Makhleb
Nemelex Xobeh
Okawaru
Qazlal
Ru
Sif Muna
Trog
Uskayaw
Vehumet
Wu Jian
Xom
Yredelemnul
Zin
The Shining One
Beogh
Jiyva

Shops:
D:5 }   D:6 (*([

Annotations:
Lair:5 3 runed translucent doors, Bofex's ghost, journeyman OpTm


Innate Abilities, Weirdness & Mutations

You cannot wear most types of armour.
You are very stealthy in the water. (Stealth+)
You are amphibious.
You can wear up to eight rings at the same time.
You can use your tentacles to constrict eight enemies at once.
Your skin changes colour to match your surroundings (Stealth+).
Your rubbery body absorbs attacks. (AC +1, EV +1)
Your life essence is reduced to manifest your ancestor. (-10% HP)


Message History

The cane toad stings you!! The blink frog hits you.
The blink frog hits Cuetlachtli!
Cuetlachtli misses the blink frog.
The cane toad stings you!
The blink frog gives a loud, deep croak!
You barely miss the cane toad. Your grab misses the cane toad.
The blink frog completely misses you.
The blink frog hits Cuetlachtli!
The blink frog blinks!
You slice the cane toad!! You grab the cane toad.
The cane toad is severely wounded.
You constrict the cane toad.
The cane toad struggles to escape constriction.
The blink frog barely misses you.
The dream sheep shake their wool and sparkle.
You feel drowsy...
You fall asleep.
You lose your grip on the cane toad.
The blink frog misses you. The cane toad closely misses you.
The dream sheep barely misses you. The blink frog barely misses you.
The cane toad stings you!!!
Ouch! That really hurt!
You die...

########### ##
.######.##.#.#.!##.P#
.....................
..........Y..F.......
.........F.Y@R.......
..........DY.F.......
...........Y.........
....$..<.............
!.<...F....P...#P.##.
......#.##########.#
......#.# ## .....
.## ......P


You could see the friendly Cuetlachtli the hexer, a four-headed hydra, a cane
toad, 3 blink frogs and 4 dream sheep.

Vanquished Creatures
  Rupert (Lair:5)
  Josephine (Lair:5)
  A boulder beetle (D:12)
  A hydra (Lair:2)
  A death yak (Lair:5)
  Nergalle (D:12)
  An unseen horror (D:11)
  2 ugly things
  A manticore (D:11)
  5 elephants
  4 black mambas
  A torpor snail (Lair:4)
  10 cane toads
  A rime drake (Lair:3)
  A centaur skeleton (D:10)
  2 kobold demonologists (D:8)
  A komodo dragon (Lair:2)
  2 trolls
  A polar bear (Lair:2)
  A hornet (D:10)
  2 dream sheep
  A bog body (Lair:3)
  A blink frog (Lair:5)
  2 wyverns
  26 yaks
  Sigmund (D:4)
  A basilisk (Lair:4)
  Eustachio (D:4)
  5 wraiths
  3 golden eyes (Slime:1)
  14 water moccasins
  An acid dragon (D:11)
  Duvessa (D:5)
  6 orc warriors
  4 ice beasts
  4 black bears
  A phantom (D:10)
  4 sky beasts
  3 ogres
  4 boggarts (Lair:5)
  A centaur (D:10)
  20 wolves
  10 bullfrogs
  A big kobold (D:8)
  Dowan (D:5)
  7 scorpions
  7 wights
  A centaur zombie (D:5)
  A bullfrog zombie (D:11)
  A jelly (D:8)
  7 orc priests
  6 hounds
  Jessica (D:2)
  A bullfrog skeleton (D:9)
  12 orc wizards
  2 iguanas
  8 worker ants
  2 hound skeletons
  2 worker ant zombies
  8 adders
  6 gnolls
  2 shadow imps
  2 white imps
  2 ufetubi
  2 oozes
  2 dart slugs
  5 leopard geckos
  61 orcs
  3 ball pythons
  7 bats
  9 giant cockroaches
  7 goblins
  8 hobgoblins
  9 jackals
  2 quokkas
  4 frilled lizards
  A giant cockroach zombie (D:5)
  22 kobolds
  9 rats
386 creatures vanquished.

Vanquished Creatures (collateral kills)
  A boulder beetle (D:11)
  An unseen horror (D:12)
  A cyclops (D:11)
  An elephant (Lair:2)
  A cane toad (Lair:2)
  3 yaks
  A wraith (Lair:5)
  2 golden eyes (Slime:1)
  2 ice beasts
  A necrophage (D:10)
  2 wolves
  A centaur (D:11)
  A wight (D:9)
  A bullfrog skeleton (D:10)
  An adder (D:6)
  A gnoll (D:11)
  An ufetubus (D:6)
  5 orcs
  A hobgoblin (Bailey)
  5 kobolds (Bailey)
33 creatures vanquished.

Vanquished Creatures (others)
  4 hexers
  5 fungi
  5 plants
14 creatures vanquished.

Grand Total: 433 creatures vanquished

Notes
Turn   | Place    | Note
-------+----------+-------------------------------------------
     0 | D:1      | kae the Octopode Transmuter began the quest for the Orb.
     0 | D:1      | Reached XP level 1. HP: 13/13 MP: 3/3
   211 | D:1      | Reached XP level 2. HP: 4/18 MP: 3/5
   718 | D:1      | Reached XP level 3. HP: 17/23 MP: 6/6
  1740 | D:2      | Reached XP level 4. HP: 19/28 MP: 7/7
  1743 | D:2      | Noticed Jessica
  1777 | D:2      | Learned a level 3 spell: Spider Form
  1971 | D:2      | Killed Jessica
  2590 | D:3      | Reached XP level 5. HP: 23/34 MP: 9/9
  2803 | D:3      | Reached skill level 4 in Unarmed Combat
  3324 | D:3      | Reached XP level 6. HP: 39/39 MP: 3/10
  3636 | D:4      | Noticed Eustachio
  3881 | D:4      | Killed Eustachio
  4193 | D:4      | Reached XP level 7. HP: 27/45 MP: 11/11
  4393 | D:4      | Found a white marble altar of Elyvilon.
  4473 | D:4      | Reached skill level 5 in Unarmed Combat
  4558 | D:4      | Noticed Sigmund
  4567 | D:4      | Killed Sigmund
  5061 | D:4      | Found an ornate altar of the Wu Jian Council.
  5098 | D:5      | Entered Level 5 of the Dungeon
  5117 | D:4      | Reached skill level 5 in Transmutations
  5270 | D:5      | Found a staircase to the Ecumenical Temple.
  5272 | D:5      | Reached XP level 8. HP: 52/52 MP: 8/12
  5301 | Temple   | Entered the Ecumenical Temple
  5480 | D:5      | Noticed Duvessa
  5498 | D:5      | Noticed Dowan
  5503 | D:5      | Killed Duvessa
  5507 | D:5      | Reached skill level 6 in Unarmed Combat
  5535 | D:5      | HP: 3/81 [Dowan/shard of ice (12)]
  5536 | D:5      | Killed Dowan
  6437 | D:5      | Found a hazy altar of Hepliaklqana.
  6451 | D:5      | Became a worshipper of Hepliaklqana the Forgotten
  6636 | D:5      | Found Ownih's Gadget Shoppe.
  6892 | D:6      | Found a hide-covered altar of Uskayaw.
  6892 | D:6      | Noticed a +0 hand axe
  6892 | D:6      | Noticed a +0 dagger
  7228 | D:6      | Found Wyepa's Armour Shop.
  7228 | D:6      | Found a stormy altar of Qazlal.
  7236 | D:6      | Bought a +2 hat for 208 gold pieces
  7252 | D:6      | Found Bemonauk's Antique Weapon Shop.
  7395 | D:6      | Found a stormy altar of Qazlal.
  7509 | D:6      | Found Mefel's General Store.
  7530 | D:6      | Bought a potion of lignification for 36 gold pieces
  7542 | D:6      | Found Sietonn's Antique Weapon Shoppe.
  7751 | D:6      | Reached skill level 7 in Unarmed Combat
  7751 | D:6      | Reached XP level 9. HP: 44/53 MP: 9/13
  8031 | D:7      | Found a flagged portal.
  8051 | Bailey   | Entered a bailey
  8153 | Bailey   | Noticed an orc warlord
  8238 | Bailey   | Reached * piety under Hepliaklqana
  8435 | Bailey   | Noticed an orc knight
  8473 | Bailey   | Noticed a glowing shapeshifter
  8473 | Bailey   | an orc knight changed into a glowing shapeshifter
  8474 | Bailey   | Noticed an elephant
  8474 | Bailey   | a glowing shapeshifter changed into an elephant
  8590 | Bailey   | Noticed a swamp dragon
  8590 | Bailey   | a dream sheep changed into a swamp dragon
  8598 | Bailey   | Noticed a death drake
  8600 | Bailey   | Noticed an eye of devastation
  8600 | Bailey   | a death drake changed into an eye of devastation
  8601 | Bailey   | Noticed a lindwurm
  8601 | Bailey   | an eye of devastation changed into a lindwurm
  8604 | Bailey   | a lindwurm changed into a dream sheep
  8606 | Bailey   | Noticed a faun
  8606 | Bailey   | a dream sheep changed into a faun
  8917 | D:7      | Reached skill level 5 in Dodging
  9946 | D:8      | Found a glowing silver altar of Zin.
 10030 | D:8      | Found a shimmering blue altar of Sif Muna.
 10065 | D:8      | Noticed a kobold demonologist
 10073 | D:8      | Reached skill level 5 in Fighting
 10074 | D:8      | Noticed a kobold demonologist
 10078 | D:8      | Killed a kobold demonologist
 10078 | D:8      | Reached skill level 8 in Unarmed Combat
 10474 | D:8      | Learned a level 5 spell: Blade Hands
 10479 | D:8      | Learned a level 4 spell: Ice Form
 10494 | D:8      | Noticed an ice devil
 10546 | D:8      | Noticed a rust devil
 10559 | D:8      | Noticed a hellwing
 10798 | D:8      | Killed a kobold demonologist
 10798 | D:8      | Reached skill level 1 in Ice Magic
 11031 | D:9      | Reached XP level 10. HP: 40/59 MP: 11/14
 11762 | D:9      | Reached ** piety under Hepliaklqana
 12109 | D:9      | Found a broken altar of Ashenzari.
 12278 | D:10     | Entered Level 10 of the Dungeon
 12520 | D:10     | Reached skill level 9 in Unarmed Combat
 13267 | D:10     | Reached XP level 11. HP: 50/65 MP: 9/15
 13369 | D:11     | Noticed a cyclops
 13392 | D:11     | Noticed a white ugly thing
 13567 | D:10     | Killed a white ugly thing
 13636 | D:11     | Reached skill level 10 in Unarmed Combat
 13887 | D:11     | Noticed a boulder beetle
 14049 | D:11     | Remembered your ancestor Cuetlachtli as a hexer
 14562 | D:11     | Reached *** piety under Hepliaklqana
 14571 | D:11     | Noticed a manticore
 14580 | D:11     | Killed a manticore
 14695 | D:11     | Found a staircase to the Orcish Mines.
 14706 | D:11     | Found a roughly hewn altar of Beogh.
 14915 | D:11     | Killed a boulder beetle
 14915 | D:11     | Reached skill level 10 in Transmutations
 15044 | D:11     | Noticed a purple ugly thing
 15063 | D:11     | Killed a brown ugly thing
 15230 | D:11     | Killed a cyclops
 15417 | D:11     | Found a staircase to the Lair.
 15644 | D:11     | Killed an unseen horror
 16102 | D:12     | Noticed a boulder beetle
 16110 | D:12     | Noticed Nergalle
 16145 | D:12     | Killed an unseen horror
 16252 | D:12     | Reached **** piety under Hepliaklqana
 16274 | D:12     | Killed a boulder beetle
 16274 | D:12     | Reached skill level 11 in Unarmed Combat
 16459 | D:12     | Found the +4 moon troll leather armour {Spirit, Regen++
                  | MP+5}
 16804 | D:12     | Killed Nergalle
 16804 | D:12     | Reached XP level 12. HP: 55/72 MP: 10/16
 16929 | Lair:1   | Entered Level 1 of the Lair of Beasts
 18043 | Lair:2   | Noticed a six-headed hydra
 18049 | Lair:2   | Killed a six-headed hydra
 18049 | Lair:2   | Reached skill level 1 in Stealth
 18049 | Lair:2   | Reached skill level 12 in Unarmed Combat
 18243 | Lair:2   | Identified the Handbook of Snow and Lightness
 19298 | Lair:3   | Found a hole to the Spider Nest.
 19315 | Lair:3   | Found a staircase to the Swamp.
 19595 | Lair:3   | Reached ***** piety under Hepliaklqana
 19679 | Lair:3   | Reached XP level 13. HP: 59/81 MP: 11/17
 20064 | Lair:4   | Reached skill level 5 in Stealth
 20158 | Lair:4   | Reached skill level 13 in Unarmed Combat
 21154 | Lair:5   | Found a runed translucent gate.
 21154 | Lair:5   | Found a runed translucent gate.
 21155 | Lair:5   | Found a runed translucent gate.
 21156 | Lair:5   | Noticed Bofex's ghost (journeyman OpTm)
 21797 | Lair:5   | Found a staircase to the Slime Pits.
 21798 | Lair:5   | Found a viscous altar of Jiyva.
 21992 | Lair:5   | Noticed Rupert
 22184 | Lair:5   | Noticed Josephine
 22189 | Lair:5   | Killed Josephine
 22300 | Lair:5   | Killed Rupert
 22525 | Lair:6   | Entered Level 6 of the Lair of Beasts
 22530 | Lair:5   | Reached skill level 10 in Dodging
 22901 | Slime:1  | Entered Level 1 of the Pits of Slime
 23030 | Lair:5   | Reached skill level 10 in Fighting
 23245 | Lair:6   | Reached skill level 14 in Unarmed Combat
 23250 | Lair:6   | Demolished by a cane toad

Illustrated notes

Levels and vault maps discovered:
D:1:      dpeg_arrival_boxorama, layout_loops_ring
D:2:      layout_basic, uniq_jessica
D:3:      layout_rooms, cheibrodos_gnoll_hut
D:4:      layout_gridville, kennysheep_mini, elyvilon_altar_3,
          portal_sewer_entry_e, serial_bayou_pond_e, grunt_decor_fettered,
          skrybe_limestone_x, uniq_eustachio, uniq_sigmund
D:5:      layout_basic, nicolae_overflow_crystal_walls,
          minmay_temple_entry_offerings, serial_shops,
          nicolae_shop_temple_entry_statues_fountains, uniq_duvessa
D:6:      layout_basic, dancing_weapons_uskayaw, lemuel_round_altar,
          serial_shops, shop, shop, nicolae_shop_overgrown_old_shop,
          kennysheep_little_box, grunt_qazlal_clouds
D:7:      layout_rooms, enter_bailey_1
D:8:      layout_basic, lemuel_blue_sif_altar, overflow_temple_1_default
D:9:      layout_basic, nicolae_overflow_hidden_temple
D:10:     layout_rooms
D:11:     layout_cave_pods, lair_entry_dummy, minmay_orc_entry_temple_small
D:12:     layout_basic, uniq_nergalle
Temple:   nicolae_temple_great_sept
Lair:1:   layout_gridlike, chequers_serial_rivers_marsh
Lair:2:   layout_loops_ring, chequers_serial_rivers_room_a
Lair:3:   layout_roguey, skrybe_swamp_entry_bodies, spider_nest_entry_web_field,
          beast_lair_carwin_3
Lair:4:   layout_regular_city, eino_small_chamber_without_monster,
          infiniplex_staircase_pool_2
Lair:5:   layout_gridlike, slime_altar_1, gammafunk_ghost_split,
          serial_bayou_pond_d, kilobyte_rumbling_trees, uniq_josephine,
          uniq_rupert
Lair:6:   hangedman_lair_in_review, layout_big_grid, guppyfry_lair_end_dragon,
          ebering_ghost_funeral_grove
Slime:1:  cheibrodos_slime_lost_civilization_9, layout_caves

Skill      XL: |  1  2  3  4  5  6  7  8  9 10 11 12 13 |
---------------+----------------------------------------+-----
Transmutations | 3 4 5 6 8 9 10 11 | 11.1
Spellcasting   | 3 |  3.0
Unarmed Combat | 4 5 7 8 9 11 12 14 | 14.0
Fighting       | 2 3 4 5 6 7 9 10 | 10.0
Dodging        | 3 4 5 6 7 9 10 | 10.1
Ice Magic      | 1 3 |  3.0
Stealth        | 4 5 |  5.0

Action                   |  1- 3 |  4- 6 |  7- 9 | 10-12 | 13-15 || total
-------------------------+-------+-------+-------+-------+-------++-------
Melee: Unarmed           |    86 |    98 |   354 |   435 |   122 ||  1095
       Kick              |    10 |     4 |    18 |     7 |       ||    39
       Constrict         |    25 |    15 |    27 |    36 |    18 ||   121
       Punch             |     3 |     1 |    10 |    23 |     7 ||    44
       Tentacles         |    10 |     7 |    28 |    62 |    15 ||   122
 Cast: Beastly Appendage |    12 |     9 |    26 |     7 |       ||    54
       Spider Form       |       |     7 |    25 |     5 |       ||    37
       Ice Form          |       |       |       |    12 |       ||    12
       Blade Hands       |       |       |       |    39 |    27 ||    66
Invok: Recall Ancestor   |       |       |       |     1 |       ||     1
       Ancestor Life: He |       |       |       |     1 |       ||     1
 Abil: End Transformatio |       |       |       |     1 |       ||     1
Evoke: Wand              |       |       |     3 |       |       ||     3
  Use: Scroll            |     4 |     6 |    11 |     8 |     4 ||    33
       Potion            |       |     4 |     3 |     1 |     2 ||    10
 Stab: Sleeping          |     7 |       |     4 |    10 |     1 ||    22
       Distracted        |       |       |     1 |     1 |       ||     2
       Confused          |       |       |       |     2 |     1 ||     3
Armor: Skin              |     7 |     7 |    34 |    35 |     8 ||    91
Dodge: Dodged            |    68 |    85 |   317 |   275 |   104 ||   849

Table legend: (Time is in decaauts)
 A = Elapsed time spent in this place.
 B = Non-inter-level travel time spent in this place.
 C = Inter-level travel time spent in this place.
 D = Time resting spent in this place.
 E = Time spent auto-exploring this place.
 F = Levels seen in this place.
 G = Mean time per level.
                   A        B        C        D        E       F      G
               +--------+--------+--------+--------+--------+-----+--------+
         Total |  23108 |  22201 |    907 |   3462 |  15328 |  21 | 1100.4 |
       Dungeon |  16193 |  15658 |    535 |   2214 |  10939 |  12 | 1349.4 |
        Temple |     83 |     72 |     11 |      0 |     72 |   1 |   83.0 |
          Lair |   6233 |   5873 |    360 |    912 |   4309 |   6 | 1038.8 |
    Slime Pits |     44 |     44 |      0 |      2 |      0 |   1 |   44.0 |
        Bailey |    552 |    552 |      0 |    334 |      8 |   1 |  552.0 |
               +--------+--------+--------+--------+--------+-----+--------+

Top non-repeatable levels by time:
  Lair:5: 2064 daAuts
    D:11: 1991 daAuts
     D:8: 1813 daAuts
     D:5: 1523 daAuts
     D:2: 1504 daAuts
    D:10: 1408 daAuts
     D:4: 1398 daAuts
  Lair:1: 1305 daAuts
     D:3: 1294 daAuts
     D:9: 1213 daAuts
     D:6: 1093 daAuts
    D:12: 1062 daAuts
     D:1: 1051 daAuts
  Lair:4: 1047 daAuts
  Lair:2: 911 daAuts
